 Dungeon Crawl Stone Soup version 0.27.1-3-gb3d3a73c9e (webtiles) character file.

Game seed: 6623692967722356727

94 horus123 the Covert (level 4, -3/58 HPs)
             Began as a Naga Brigand on Oct 31, 2021.
             Killed by divine providence
             ... invoked by an orc priest
              (12 damage)
             ... on level 3 of the Dungeon.
             The game lasted 00:07:44 (2450 turns).

horus123 the Covert (Naga Brigand)                  Turns: 2450, Time: 00:07:44

Health: -3/58      AC: 22    Str: 13    XL:     4   Next: 63%
Magic:  4/4        EV:  1    Int: 11    God:
Gold:   85         SH:  0    Dex: 14    Spells: 2/3 levels left

rFire    . . .     SeeInvis +   a - +2 dagger
rCold    . . .     Faith    .   (no shield)
rNeg     + + +     Spirit   .   (armour currently unavailable)
rPois    +         Reflect  .   (helmet currently unavailable)
rElec    .         Harm     .   (cloak currently unavailable)
rCorr    .         Rampage  .   (gloves currently unavailable)
Will     .....     NoTele   +   (no barding)
Stlth    ++++......             (no amulet)
HPRegen  0.19/turn              g - ring of wizardry
MPRegen  0.09/turn              (no ring)

@: tree-form
A: stationary, stasis, torment immunity, boosted hp, AC +1, large, see
invisible, (deformed body), (poison resistance), (slowness 2), spit poison 1,
(naga tail 1)
a: Spit Poison


You were on level 3 of the Dungeon.
You were a tree.
You visited 1 branch of the dungeon, and saw 3 of its levels.

You collected 85 gold pieces.

Inventory:

Hand Weapons
 a - a +2 dagger (weapon)
Missiles
 d - 11 poisoned darts (quivered)
 e - 2 curare-tipped darts
Armour
 b - a +0 robe (melded)
 c - a +0 cloak (melded)
Jewellery
 g - a ring of wizardry (left branch)
Scrolls
 l - a scroll of identify
Potions
 f - 2 potions of degeneration
 i - 2 potions of might
 j - a potion of resistance {unknown}


   Skills:
 - Level 2.1 Fighting
 + Level 2.2 Short Blades
 - Level 2.0 Throwing
 - Level 0.7 Dodging
 + Level 8.4 Stealth
 - Level 0.2 Spellcasting


You had 2 spell levels left.
You knew the following spells:

 Your Spells              Type           Power      Damage    Failure   Level
a - Foxfire               Conj/Fire      0%         2x1d4     14%         1

Your spell library contained the following spells:

 Spells                   Type           Power      Damage    Failure   Level
 Conjure Flame            Conj/Fire      0%         6-21      38%         3
 Inner Flame              Hex/Fire       0%         N/A       38%         3
 Borgnjor's Revivificati  Necr           0%         N/A       100%        8
 Necromutation            Tmut/Necr      0%         N/A       100%        8
 Death's Door             Necr           0%         N/A       100%        9


Dungeon Overview and Level Annotations

Branches:
Dungeon (3/15)

Altars:
Fedhas
The Shining One


Innate Abilities, Weirdness & Mutations

You are a tree.
Your roots penetrate the ground, keeping you stationary.
You cannot be teleported.
You are immune to unholy pain and torment.
Your maximum health is greatly increased.
Your equipment is partially melded.
((Your serpentine skin is tough. (AC +1)))
You have supernaturally acute eyesight. (SInv)
((Armour fits poorly on your strangely shaped body.))
((Your system is resistant to poisons. (rPois)))
((You cover ground very slowly.))
You can spit poison.
((You have a snake-like lower body.))


Message History

The orc hits you but does no damage.
You hit the orc.
The orc is moderately wounded.
The orc barely misses you.
You hit the orc.
The orc is severely wounded.
The orc priest calls down the wrath of Beogh upon you.
Beogh smites you! The orc hits you with a +0 club.
You are too injured to fight recklessly!
You are too injured to fight recklessly!
As you read the scroll labelled SYVUSU JINOGH, it crumbles to dust.
You feel strangely unstable.
It was a scroll of teleportation.
The orc hits you with a +0 club.
Okay, then.
It was a potion of lignification.
You turn into a tree.
Your +0 cloak melds into your body.
Your +0 robe melds into your body.
Your roots penetrate the ground.
You feel strangely stable. The orc hits you but does no damage.
You hit the orc but do no damage.
The orc is almost dead.
The orc priest casts a cantrip, but nothing happens.
The orc priest miscasts a cantrip.
You hit the orc.
You kill the orc!
You hit the orc.
The orc is heavily wounded.
The orc priest looks encouraged for a moment.
You hit the orc but do no damage.
The orc is heavily wounded.
The orc priest invokes the aid of Beogh against you.
Beogh smites you!
* * * LOW HITPOINT WARNING * * *
The orc hits you with a +0 hand axe.
* * * LOW HITPOINT WARNING * * *
You hit the orc but do no damage.
The orc is heavily wounded.
The orc hits you but does no damage.
The orc priest mumbles some strange prayers to Beogh against you.
Beogh smites you!
You die...

###########
#.........#
#.........#
#.........##
#.........)#####
#..............#
#..........### .
##########.#####....
#..♣oo(o...
#######.... .


You could see 2 orc priests and an orc.

Vanquished Creatures
  4 adders (D:2)
  3 orcs (D:3)
  6 endoplasms
  2 giant cockroaches
  2 goblins (D:1)
  4 hobgoblins
  2 jackals (D:2)
  A quokka (D:1)
  6 ball pythons
  7 bats
  4 frilled lizards
  A goblin skeleton (D:3)
  A goblin zombie (D:3)
  5 kobolds
  A kobold skeleton (D:3)
  A kobold zombie (D:3)
  An orc skeleton (D:3)
  3 rats
54 creatures vanquished.

Notes
Turn   | Place    | Note
-------+----------+-------------------------------------------
     0 | D:1      | horus123 the Naga Brigand began the quest for the Orb.
     0 | D:1      | Reached XP level 1. HP: 19/19 MP: 1/1
    53 | D:1      | Reached skill level 6 in Stealth
   305 | D:1      | Reached XP level 2. HP: 26/26 MP: 2/2
   537 | D:1      | Reached skill level 7 in Stealth
   738 | D:1      | Reached XP level 3. HP: 32/32 MP: 3/3
  1153 | D:2      | Learned a level 1 spell: Foxfire
  1473 | D:2      | Reached skill level 8 in Stealth
  1473 | D:2      | Reached XP level 4. HP: 17/39 MP: 4/4
  2267 | D:3      | Found a blossoming altar of Fedhas.
  2304 | D:3      | Found a glowing golden altar of the Shining One.
  2450 | D:3      | Killed from afar by an orc priest

Illustrated notes

Levels and vault maps discovered:
D:1:      dpeg_arrival_simpleton_b, layout_loops_ring
D:2:      layout_loops_ring
D:3:      layout_rooms, nicolae_tso_besieged_by_evil,
          mainiacjoe_overflow_catwalk, mainiacjoe_overflow_small_starburst

Skill      XL: |  1  2  3  4 |
---------------+-------------+-----
Stealth        | 6 7 8 |  8.4
Throwing       | 2 |  2.0
Fighting       | |  2.1
Short Blades   | |  2.2
Dodging        | |  0.7
Spellcasting   | |  0.2

Action                   |  1- 3 |  4- 6 || total
-------------------------+-------+-------++-------
Melee: Dagger            |    99 |    61 ||   160
Throw: Dart              |    19 |    20 ||    39
 Abil: Spit Poison       |     4 |       ||     4
  Use: Scroll            |     3 |     1 ||     4
       Potion            |       |     1 ||     1
 Stab: Sleeping          |     5 |     4 ||     9
Armor: Robe              |    22 |    27 ||    49
       Skin              |       |     2 ||     2
Dodge: Dodged            |    43 |    30 ||    73
